 Seeded DCSS version 0.30.1-4-g462c640d31 (webtiles) character file.

Game seed: 15660985446129201502 (custom seed)

86 AccursedSamuel the Poker (level 4, -7/28 (29) HPs)
             Began as a Tengu Monk on Sept 14, 2023.
             Was an Initiate of Gozag.
             Mangled by Crazy Yiuf
             ... wielding a +3 quarterstaff of chaos
              (10 damage)
             ... on level 2 of the Dungeon.
             The game lasted 00:03:28 (1571 turns).

AccursedSamuel the Poker (Tengu Monk)               Turns: 1571, Time: 00:03:28

HP:   -7/28 (29)    AC:  2    Str: 13    XL:     4   Next: 50%
MP:   5/5           EV: 19    Int: 10    God:    Gozag
Gold: 306           SH:  0    Dex: 17    Spells: 3/3 levels left

rFire   . . .        a - +0 spear
rCold   . . .        d - orb {light}
rNeg    . . .        b - +0 robe
rPois   .            (helmet restricted)
rElec   .            (no cloak)
rCorr   .            (no gloves)
SInv    .            (boots unavailable)
Will    .....        (no amulet)
Stlth   +            e - +5 ring of evasion
HPRegen 0.24/turn    (no ring)
MPRegen 0.09/turn

%: no passive effects
@: glowing, lightly drained
A: beak, talons 3
a: Renounce Religion, Potion Petition, Call Merchant, Bribe Branch


You were on level 2 of the Dungeon.
You worshipped Gozag.
Gozag was aware of your devotion.
You visited 1 branch of the dungeon, and saw 2 of its levels.

You collected 306 gold pieces.

Inventory:

Hand Weapons
 a - a +0 spear (weapon)
Armour
 b - a +0 robe (worn)
 d - an orb of light (worn)
Jewellery
 e - a +5 ring of evasion (left hand)
 q - a +4 ring of protection
Scrolls
 g - 2 scrolls of teleportation {unknown}
 h - a scroll of enchant armour {unknown}
 i - a scroll of noise {unknown}
 k - a scroll of immolation {unknown}
 n - a scroll of identify {unknown}
Potions
 c - a potion of ambrosia
 f - a potion of curing {unknown}
 j - a potion of degeneration {unknown}
 l - a potion of attraction {unknown}
 m - a potion of heal wounds {unknown}
 o - a potion of flight {unknown}
 p - 2 potions of magic {unknown}


   Skills:
 + Level 3.7 Fighting
 + Level 4.4 Polearms
 + Level 4.0 Dodging
 + Level 0.1 Stealth


You had 3 spell levels left.
You didn't know any spells.
Your spell library contained the following spells:

 Spells                   Type           Power      Damage    Failure   Level
 Cigotuvi's Dreadful Rot  Necr/Pois/Air  0%         N/A       50%         2
 Dispel Undead            Necr           0%         3d6       98%         4
 Death Channel            Necr           0%         N/A       100%        6


Dungeon Overview and Level Annotations

Branches:
Dungeon (2/15)

Altars:
Gozag

Annotations:
D:2 Crazy Yiuf


Innate Abilities, Weirdness & Mutations

You have a beak for a mouth.
You have claws for feet.


Message History

You open the door. You hit Crazy Yiuf. You claw Crazy Yiuf, but do no damage.
Crazy Yiuf is lightly wounded.
Crazy Yiuf barely misses you.
You hit Crazy Yiuf but do no damage. You claw Crazy Yiuf.
Crazy Yiuf is moderately wounded.
Crazy Yiuf whimpers, "Lay!"
Crazy Yiuf completely misses you.
You hit Crazy Yiuf but do no damage. You claw Crazy Yiuf.
Crazy Yiuf is heavily wounded.
Crazy Yiuf misses you.
You hit Crazy Yiuf but do no damage.
Crazy Yiuf is heavily wounded.
Crazy Yiuf yells, "Ten arm illywillydillykilly!"
Crazy Yiuf closely misses you.
You completely miss Crazy Yiuf.
Crazy Yiuf is heavily wounded.
Crazy Yiuf laughs, "Dawk!"
Crazy Yiuf closely misses you.
You hit Crazy Yiuf but do no damage.
Crazy Yiuf is heavily wounded.
You barely miss Crazy Yiuf. You peck Crazy Yiuf, but do no damage.
Crazy Yiuf is heavily wounded.
Crazy Yiuf says, "Trifle light leg!"
Crazy Yiuf barely misses you.
You barely miss Crazy Yiuf. You peck Crazy Yiuf, but do no damage.
Crazy Yiuf is heavily wounded.
Crazy Yiuf says, "Lugonu!
Tosser Xom disdain."
Crazy Yiuf misses you.
You hit Crazy Yiuf. You claw Crazy Yiuf, but do no damage.
Crazy Yiuf is heavily wounded.
Crazy Yiuf hits you with a +3 quarterstaff of chaos!!
Ouch! That really hurt!
You feel drained.
* * * LOW HITPOINT WARNING * * *
You hit Crazy Yiuf but do no damage. You claw Crazy Yiuf. You peck Crazy Yiuf.
Crazy Yiuf is severely wounded.
Crazy Yiuf hits you with a +3 quarterstaff of chaos!
You die...
Your body crumbles into a pile of gold.

#####.###.##..........####
..........##.............##
..................######..#
........)########## ##.#
##..#.##[# #.# ...>..##.#
#.## ########.# ### ####..#
# ### #)..### ##.....# #
#...g@####......# #
#...##..#......## ###
###.#....## ########


You could see Crazy Yiuf.

Vanquished Creatures
  Jessica (D:2)
  An adder (D:2)
  A dart slug (D:2)
  5 endoplasms
  2 giant cockroaches (D:2)
  5 goblins
  4 hobgoblins
  5 kobolds
  5 quokkas
  3 ball pythons
  2 bats (D:1)
  7 frilled lizards
  6 rats
  A spectral kobold (D:2)
48 creatures vanquished.

Notes
Turn   | Place    | Note
-------+----------+-------------------------------------------
     0 | D:1      | AccursedSamuel the Tengu Monk began the quest for the Orb.
     0 | D:1      | Reached XP level 1. HP: 14/14 MP: 2/2
    71 | D:1      | Reached XP level 2. HP: 11/19 MP: 3/3
   132 | D:1      | Identified a scroll of acquirement
   132 | D:1      | Acquired a +5 ring of evasion
   446 | D:1      | Reached XP level 3. HP: 23/23 MP: 4/4
   919 | D:2      | Found a faded altar of an unknown god.
   959 | D:2      | Prayed at the altar of an unknown god.
   959 | D:2      | Became a worshipper of Gozag Ym Sagoz the Greedy
  1082 | D:2      | Found a runed translucent door.
  1083 | D:2      | Noticed Crazy Yiuf
  1404 | D:2      | Reached XP level 4. HP: 28/28 MP: 5/5
  1431 | D:2      | Noticed Jessica
  1434 | D:2      | Killed Jessica
  1571 | D:2      | Mangled by Crazy Yiuf

Illustrated notes

Levels and vault maps discovered:
D:1:      minmay_arrival_pointy, layout_loops_ring, minmay_gold_behind_fungi
D:2:      layout_basic, dreamdust_ecumenical_altar_drowned_temple,
          hangedman_decor_clover_reticule, fountainhead,
          uniq_crazy_yiuf_cottage, uniq_jessica

Skill      XL: |  1  2  3  4 |
---------------+-------------+-----
Polearms       | 4 |  4.4
Dodging        | 4 |  4.0
Fighting       | |  3.7
Stealth        | |  0.1

Action                     |  1- 3 |  4- 6 || total
---------------------------+-------+-------++-------
  Melee: Spear             |   101 |    18 ||   119
         Peck              |    19 |     5 ||    24
         Kick              |    21 |     7 ||    28
    Use: Scroll            |     1 |       ||     1
 Armour: Robe              |     9 |     1 ||    10
  Dodge: Dodged            |    88 |    10 ||    98
